 Dungeon Crawl Stone Soup version 0.28-a0-199-g298df9dbad (webtiles) character file.

Game seed: 13865211941301351440

46 lunkers the Magician (level 3, -1/27 HPs)
             Began as a Djinni Fire Elementalist on Aug 19, 2021.
             Slain by a hobgoblin (2 damage)
             ... led by Robin
             ... on level 2 of the Dungeon.
             The game lasted 00:03:48 (2619 turns).

lunkers the Magician (Djinni Fire Elementalist)     Turns: 2619, Time: 00:03:49

Health: -1/27      AC:  2    Str:  7    XL:     3   Next: 92%
Gold:   121        EV: 16    Int: 17    God:
                   SH:  0    Dex: 13

rFire   + + .      SeeInvis +   (no weapon)
rCold   x . .      Faith    .   (no shield)
rNeg    . . .      Spirit   .   a - +0 robe
rPois   ∞          Reflect  .   (no helmet)
rElec   .          Harm     .   (no cloak)
rCorr   .          Rampage  .   (no gloves)
Will    .....                   (boots unavailable)
Stlth   ++........              (no amulet)
HPRegen 0.09/turn               i - +4 ring of evasion
MPRegen 0.00/turn               h - ring of see invisible

@: flying
A: sickness immunity, fire resistance 2, cold vulnerability 1, float, innate
caster, hp casting, extra vitality 1
a: no special abilities


You were on level 2 of the Dungeon.
You visited 1 branch of the dungeon, and saw 2 of its levels.

You collected 121 gold pieces.

Inventory:

Armour
 a - a +0 robe (worn)
Jewellery
 h - a ring of see invisible (right hand)
 i - a +4 ring of evasion (left hand)
Scrolls
 d - a scroll of teleportation {unknown}
 e - a scroll of vulnerability {unknown}
 f - 2 scrolls of identify
 g - a scroll of amnesia {unknown}
Potions
 b - a potion of curing


   Skills:
 + Level 1.5 Fighting
 - Level 2.1 Dodging
 - Level 1.5 Stealth
 * Level 3.2 Spellcasting


You couldn't memorise any spells.
You knew the following spells:

 Your Spells              Type           Power      Damage    Failure   Level
a - Foxfire               Conj/Fire      52%        2x1d6     4%          1
b - Conjure Flame         Conj/Fire      13%        6-21      14%         3
c - Inner Flame           Hex/Fire       13%        N/A       14%         3
d - Sticky Flame          Conj/Fire      13%        2d4       41%         4
e - Fireball              Conj/Fire      6%         3d5       77%         5
f - Shock                 Conj/Air       52%        1d6       4%          1
Your spell library was empty.

Dungeon Overview and Level Annotations

Branches:
Dungeon (2/15)

Altars:

Annotations:
D:2 Robin


Innate Abilities, Weirdness & Mutations

You are immune to sickness and miasma.
You are immune to poison.
Your flesh is very heat resistant. (rF++)
You are vulnerable to cold. (rC-)
You float through the air rather than walking.
You learn spells naturally, not from books.
Your magical power is your life essence.
You have superior vitality. (+4 HP)


Message History

Unknown command.
Casting: Foxfire (safe; 4% risk of failure)
Confirm with . or Enter, or press ? or * to list all spells.
You conjure some foxfire!
* * * LOW HITPOINT WARNING * * *
Robin hits you with a +0 dagger.
* * * LOW HITPOINT WARNING * * *
Unknown command.
Your foxfire dissipates!
The foxfire hits Robin.
Robin is moderately wounded.
Robin throws the goblin at you!
You see here a +0 dagger.
As you read the scroll labelled JOGOH XORUTE, it crumbles to dust.
It is a scroll of identify.
b - 2 potions of curing The goblin closely misses you.
Casting: Foxfire (safe; 4% risk of failure)
Confirm with . or Enter, or press ? or * to list all spells.
You conjure some foxfire!
* * * LOW HITPOINT WARNING * * *
The goblin hits you with a +0 dagger.
* * * LOW HITPOINT WARNING * * *
Robin hits you with a +0 dagger.
* * * LOW HITPOINT WARNING * * *
A goblin comes into view. It is wielding a +0 club.
Unknown command.
Unknown command.
Okay, then.
You feel better.
The foxfire hits Robin.
Robin is heavily wounded.
The goblin hits you with a +0 dagger.
* * * LOW HITPOINT WARNING * * *
Robin roars a battlecry!
The goblins go into a battle-frenzy!
It was a potion of cancellation.
You feel magically purged. Robin hits you with a +0 dagger.
* * * LOW HITPOINT WARNING * * *
The goblin completely misses you. The hobgoblin hits you.
You die...

###....†..#.#.
#.##.#...... ###
#.##...#.#.. ..#
#.####.#.#.. #.#
#.##...#.#.. #.#
#.##.#.#.#.. #?#
#.##.#†#.#..
#.#####g######.##.#.#....
..ggg)gg@g......#.#.#####
#.##########.####........
#..# ###.##### ##.#
#.......# #.###.#.###.#
#...........#
#..##.#.#####
##..÷.......# ##
#..#.#.###.#


You could see Robin, 4 hobgoblins and 2 goblins.

Vanquished Creatures
  An adder (D:2)
  A worm (D:2)
  3 ball pythons
  2 endoplasms (D:1)
  2 giant cockroaches
  6 goblins
  A hobgoblin (D:2)
  A quokka (D:1)
  7 bats
  4 frilled lizards
  3 kobolds (D:1)
  2 rats (D:1)
33 creatures vanquished.

Vanquished Creatures (others)
  124 foxfires
124 creatures vanquished.

Grand Total: 157 creatures vanquished

Notes
Turn   | Place    | Note
-------+----------+-------------------------------------------
     0 | D:1      | lunkers the Djinni Fire Elementalist began the quest for
                  | the Orb.
     0 | D:1      | Reached XP level 1. HP: 15/15 MP: 0/0
     0 | D:1      | Noticed an iron dragon
     0 | D:1      | Noticed an orb of fire
     3 | D:1      | Noticed an orb of fire
     5 | D:1      | Noticed an ice dragon
     5 | D:1      | Noticed an ice dragon
     8 | D:1      | Noticed an ice dragon
     9 | D:1      | Noticed an ice dragon
    12 | D:1      | Noticed an iron dragon
    14 | D:1      | Noticed an ice dragon
    16 | D:1      | Noticed a golden dragon
    16 | D:1      | Noticed an iron dragon
    18 | D:1      | Noticed an orb of fire
    18 | D:1      | Noticed a tentacled monstrosity
    20 | D:1      | Noticed a large abomination
    20 | D:1      | Noticed an orb of fire
    22 | D:1      | Noticed a shadow dragon
   348 | D:1      | Reached XP level 2. HP: 18/22 MP: 0/0
   453 | D:1      | Found a faded altar of an unknown god.
   991 | D:1      | Reached skill level 1 in Fighting
  1734 | D:2      | Reached XP level 3. HP: 8/27 MP: 0/0
  1734 | D:2      | Learned a level 1 spell: Shock
  1951 | D:2      | Reached skill level 3 in Spellcasting
  2605 | D:2      | Noticed Robin
  2617 | D:2      | HP: 1/27 [Robin (2)]
  2619 | D:2      | Slain by a hobgoblin

Illustrated notes

Levels and vault maps discovered:
D:1:      shiori_arrival_whats_in_store_for_you, layout_basic,
          hellmonk_ecumenical_altar_lost_god
D:2:      minmay_diamond_boxcup, layout_basic, uniq_robin

Skill      XL: |  1  2  3 |
---------------+----------+-----
Fighting       | 1 |  1.5
Spellcasting   | 3 |  3.2
Dodging        | |  2.1
Stealth        | |  1.5

Action                   || total
-------------------------++-------
Melee: Unarmed           ||    29
 Cast: Foxfire           ||    77
  Use: Potion            ||     2
       Scroll            ||     1
Armor: Robe              ||     8
Dodge: Dodged            ||    36

Table legend: (Time is in decaauts)
 A = Elapsed time spent in this place.
 B = Non-inter-level travel time spent in this place.
 C = Inter-level travel time spent in this place.
 D = Time resting spent in this place.
 E = Time spent auto-exploring this place.
 F = Levels seen in this place.
 G = Mean time per level.
                   A        B        C        D        E       F      G
               +--------+--------+--------+--------+--------+-----+--------+
         Total |   2617 |   2596 |     21 |      0 |   2373 |   2 | 1308.5 |
       Dungeon |   2617 |   2596 |     21 |      0 |   2373 |   2 | 1308.5 |
               +--------+--------+--------+--------+--------+-----+--------+

Top non-repeatable levels by time:
     D:1: 1657 daAuts
     D:2: 960 daAuts
